Philadelphia Phantoms vs Quebec Remparts

Created - Sunday, August 10, 2025 at 09:14

Goals
1 2 3 T
Philadelphia Phantoms 1 2 2 5
Quebec Remparts 1 1 0 2
Shots
1 2 3 T
Philadelphia Phantoms 8 9 7 24
Quebec Remparts 20 8 11 39

1st period

1. Philadelphia Phantoms , Alex Steeves 3 (Marc Gatcomb 1, Michael Callahan 2) at 7:26
2. Quebec Remparts , Adam Gaudette 5 (Fraser Minten 2) at 8:21 (PP)

Penalties :
Nikolai Kovalenko (PHP) for Slashing (Minor) at 3:19, Noah Laba (PHP) for Roughing (Minor) at 8:11, Bradly Nadeau (QUE) for Fighting (Major) at 10:18, Alex Steeves (PHP) for Fighting (Major) at 10:18, Alex Steeves (PHP) for instigated a fight (Minor) at 10:18, Alex Steeves (PHP) for instigated a fight (10 Minutes Misconduct) at 10:18

2nd period

3. Philadelphia Phantoms , Jacob Quillan 2 (Tye Kartye 3, Adam Klapka 4) at 1:03
4. Quebec Remparts , Paul Cotter 3 (Kirby Dach 2, Calvin de Haan 4) at 3:26
5. Philadelphia Phantoms , Nils Aman 2 (Kai Uchacz 1, Marc Gatcomb 2) at 12:30

Penalties :
Marc Staal (QUE) for High sticking (Double Minor) at 6:10, Adam Gaudette (QUE) for Interference (Minor) at 16:17

3rd period

6. Philadelphia Phantoms , Ryan Johnson 1 (Marc Gatcomb 3, Nils Aman 1) at 10:27
7. Philadelphia Phantoms , Jacob Quillan 3 (Adam Klapka 5, Nikolai Kovalenko 1) at 13:34 (PP)

Penalties :
Tyler Kleven (PHP) for Slashing (Minor) at 0:07, Dalibor Dvorsky (QUE) for Interference (Minor) at 11:39

Goalie Stats

Cooper Black (PHP), 37 saves from 39 shots - (0.949), W, 1-2-0, 60:00 minutes
Devon Levi (QUE), 19 saves from 24 shots - (0.792), L, 2-1-0, 60:00 minutes

Players Stats for Philadelphia Phantoms

Player Name              G  A  P  +/- PIM S  H  SB GA TA FO     MP     PP MP  PK MP  
------------------------------------------------------------------------------------
                         0  0  0   0  0   0  0  0  0  0  0/0     0:00   0:00   0:00 
Adam Klapka              0  2  2   0  0   0  3  0  0  0  0/1    16:05   3:32   0:59 
Albert Johansson         0  0  0   2  0   1  1  0  0  2  0/0    23:37   4:12   3:18 
Alex Steeves             1  0  1   2  17  2  0  1  0  0  2/12   14:38   3:47   2:08 
Anton Johansson          0  0  0   1  0   0  1  0  0  2  0/0    17:55   3:51   1:37 
Jacob Quillan            2  0  2   1  0   8  0  0  1  1  14/25  22:41   3:35   2:51 
Jaroslav Chmelar         0  0  0   2  0   1  0  0  2  0  1/1    11:12   0:00   0:00 
Kai Uchacz               0  1  1   1  0   0  1  0  0  0  7/10    7:28   0:12   0:00 
Marc Gatcomb             0  3  3   2  0   2  2  0  1  1  2/3    17:20   3:42   1:07 
Michael Callahan         0  1  1   2  0   1  3  3  0  1  0/0    20:37   0:30   2:49 
Michael Carcone          0  0  0  -1  0   0  0  0  1  0  0/1    11:55   0:48   0:16 
Nikolai Kovalenko        0  1  1  -1  2   2  0  1  1  0  1/3    16:00   3:32   1:38 
Nils Aman                1  1  2   2  0   4  2  1  2  0  0/0    15:57   3:42   0:00 
Noah Laba                0  0  0   0  2   0  2  0  0  0  3/5    11:40   0:00   0:00 
Noel Gunler              0  0  0   2  0   1  1  0  0  0  0/2    11:12   0:00   0:00 
Ryan Johnson             1  0  1   1  0   1  0  1  1  2  0/0    12:57   0:09   0:00 
Samuel Johannesson       0  0  0   0  0   0  0  1  0  1  0/0    22:58   3:32   2:34 
Tye Kartye               0  1  1  -1  0   1  0  0  0  1  2/2    17:40   0:49   3:15 
Tyler Kleven             0  0  0   0  2   0  2  0  0  0  0/0    21:57   3:32   1:56 

Players Stats for Quebec Remparts

Player Name              G  A  P  +/- PIM S  H  SB GA TA FO     MP     PP MP  PK MP  
------------------------------------------------------------------------------------
                         0  0  0   0  0   0  0  0  0  0  0/0     0:00   0:00   0:00 
Adam Gaudette            1  0  1  -2  2   9  3  1  0  1  1/2    18:40   3:01   2:27 
Artem Duda               0  0  0   1  0   0  2  2  0  2  0/0    21:06   3:06   3:46 
Bradly Nadeau            0  0  0   0  5   0  1  1  1  0  0/0    10:08   0:00   0:19 
Brandt Clarke            0  0  0  -1  0   5  3  0  0  0  0/0    25:11   3:01   3:34 
Calvin de Haan           0  1  1  -1  0   1  2  1  0  0  0/0    25:11   3:01   3:34 
Dalibor Dvorsky          0  0  0  -1  2   1  2  0  1  1  1/5     9:05   0:00   0:00 
Ethan Del Mastro         0  0  0   1  0   2  1  3  2  2  0/0    21:06   3:06   3:46 
Fraser Minten            0  1  1  -2  0   2  3  0  3  0  1/2    16:04   3:01   0:00 
Jordan Dumais            0  0  0  -1  0   3  0  0  1  0  0/0     9:06   0:00   0:00 
Jorian Donovan           0  0  0  -3  0   0  1  0  0  0  0/0    13:43   0:00   0:33 
Kevin Rooney             0  0  0  -2  0   4  2  2  1  0  9/16   16:04   3:01   0:00 
Kirby Dach               0  1  1   0  0   2  1  0  0  1  16/25  19:56   3:06   3:32 
Marc Staal               0  0  0  -3  4   0  1  0  0  0  0/0    13:09   0:00   0:00 
Maros Jedlicka           0  0  0  -1  0   1  0  0  0  0  0/0    10:02   0:00   0:00 
Nick Cousins             0  0  0   0  0   1  4  0  0  1  3/8    11:49   0:00   1:03 
Paul Cotter              1  0  1   0  0   4  4  0  1  0  2/4    19:41   3:06   3:30 
Sam Lafferty             0  0  0   0  0   2  2  0  1  1  0/1    12:22   0:00   1:59 
Victor Olofsson          0  0  0   0  0   2  3  1  0  0  0/2    19:40   3:06   3:29 

3 Stars

1 - Nils Aman (PHP)
2 - Jacob Quillan (PHP)
3 - Marc Gatcomb (PHP)

Power Play

Philadelphia Phantoms - 1 on 4 Attempt(s) - 25.00%
Quebec Remparts - 1 on 4 Attempt(s) - 25.00%

Penalty Kill

Philadelphia Phantoms - 3 on 4 Attempt(s) - 75.00% - Score 0 goal in Penalty Kill
Quebec Remparts - 3 on 4 Attempt(s) - 75.00% - Score 0 goal in Penalty Kill

Team Stat

Philadelphia Phantoms - Hits : 18 - Faceoff Wins : 32 - Blocked Shots : 8 - Penalty Minutes : 23
Quebec Remparts - Hits : 35 - Faceoff Wins : 33 - Blocked Shots : 11 - Penalty Minutes : 13

Official

Referees : Pierre Lambert and Beaudry Halkidis
Linesman : Mark Shewchyk and Bevan Mills

Game Notes

Bradly Nadeau beats up Alex Steeves at 10:18 of 1st period
Kai Uchacz is injured at 15:13 of 2nd period (Strained Right Knee)

Philadelphia Phantoms

5 vs 5 Forward 
   Center                   Left Wing                Right Wing               Time % Phy DF OF 
 1 Alex Steeves             Jaroslav Chmelar         Noel Gunler              25     1   2  2  
 2 Jacob Quillan            Michael Carcone          Nikolai Kovalenko        25     1   2  2  
 3 Kai Uchacz               Marc Gatcomb             Nils Aman                25     1   2  2  
 4 Noah Laba                Tye Kartye               Adam Klapka              25     1   2  2  

5 vs 5 Defense 
   Defense                  Defense                                           Time % Phy DF OF 
 1 Samuel Johannesson       Tyler Kleven                                      35     1   2  2  
 2 Albert Johansson         Michael Callahan                                  35     1   2  2  
 3 Ryan Johnson             Anton Johansson                                   30     1   2  2  
 4 Samuel Johannesson       Tyler Kleven                                      0      1   2  2  

PowerPlay Forward 
   Center                   Left Wing                Right Wing               Time % Phy DF OF 
 1 Alex Steeves             Marc Gatcomb             Nils Aman                50     1   2  2  
 2 Jacob Quillan            Adam Klapka              Nikolai Kovalenko        50     1   2  2  

PowerPlay Defense
   Defense                  Defense                                           Time % Phy DF OF 
 1 Anton Johansson          Albert Johansson                                  50     1   2  2  
 2 Samuel Johannesson       Tyler Kleven                                      50     1   2  2  

Penalty Kill 4 Players Forward 
   Center                   Wing                     Time % Phy DF OF 
 1 Alex Steeves             Tye Kartye               50     1   2  2  
 2 Jacob Quillan            Nikolai Kovalenko        50     1   2  2  

Penalty Kill 4 Players Defense
   Defense                  Defense                  Time % Phy DF OF 
 1 Albert Johansson         Tyler Kleven             50     1   2  2  
 2 Michael Callahan         Samuel Johannesson       50     1   2  2  

Penalty Kill - 3 Players Forward 
   Forward                                           Time % Phy DF OF 
 1 Tye Kartye                                        50     1   2  2  
 2 Nikolai Kovalenko                                 50     1   2  2  

Penalty Kill - 3 Players Defense
   Defense                  Defense                  Time % Phy DF OF 
 1 Albert Johansson         Tyler Kleven             50     1   2  2  
 2 Michael Callahan         Samuel Johannesson       50     1   2  2  

4 vs 4 Forward 
   Center                   Wing                     Time % Phy DF OF 
 1 Alex Steeves             Jaroslav Chmelar         50     1   2  2  
 2 Jacob Quillan            Michael Carcone          50     1   2  2  

4 vs 4 Defense
   Defense                  Defense                  Time % Phy DF OF 
 1 Samuel Johannesson       Tyler Kleven             50     1   2  2  
 2 Albert Johansson         Michael Callahan         50     1   2  2  

Last Minutes Offensive
   Center                   Left Wing                Right Wing               Defense                  Defense                  
   Alex Steeves             Marc Gatcomb             Adam Klapka              Anton Johansson          Albert Johansson         

Last Minutes Defensive
   Center                   Left Wing                Right Wing               Defense                  Defense                  
   Alex Steeves             Jacob Quillan            Tye Kartye               Albert Johansson         Tyler Kleven             

Goaltenders
Starting : Cooper Black             
Backup : Colten Ellis             

Extra Forwards
Normal : Alex Steeves, Jacob Quillan, Tye Kartye - PP : Marc Gatcomb, Adam Klapka - PK : Tye Kartye
Extra Defensemen
Normal : Samuel Johannesson, Tyler Kleven, Albert Johansson - PP : Anton Johansson - PK : Anton Johansson, Samuel Johannesson
Penalty Shots
Alex Steeves, Jacob Quillan, Marc Gatcomb, Adam Klapka, Michael Carcone

Scratches
Chase Bradley (Healthy), James Malatesta (Healthy), Ryan Winterton (Healthy), Matt Rempe (Healthy), Sam Lipkin (Healthy)
Parker Bell (Healthy), Gavin Hayes (Healthy), Braeden Kressler (Healthy), Isaac Poulter (Healthy), Dennis Hildeby (Healthy)

Quebec Remparts

5 vs 5 Forward 
   Center                   Left Wing                Right Wing               Time % Phy DF OF 
 1 Kirby Dach               Paul Cotter              Victor Olofsson          30     1   2  2  
 2 Kevin Rooney             Fraser Minten            Adam Gaudette            30     1   2  2  
 3 Nick Cousins             Bradly Nadeau            Sam Lafferty             25     1   2  2  
 4 Dalibor Dvorsky          Maros Jedlicka           Jordan Dumais            15     1   2  2  

5 vs 5 Defense 
   Defense                  Defense                                           Time % Phy DF OF 
 1 Calvin de Haan           Brandt Clarke                                     30     1   2  2  
 2 Ethan Del Mastro         Artem Duda                                        30     1   2  2  
 3 Jorian Donovan           Marc Staal                                        25     1   2  2  
 4 Calvin de Haan           Brandt Clarke                                     15     1   2  2  

PowerPlay Forward 
   Center                   Left Wing                Right Wing               Time % Phy DF OF 
 1 Kirby Dach               Paul Cotter              Victor Olofsson          50     1   2  2  
 2 Kevin Rooney             Fraser Minten            Adam Gaudette            50     1   2  2  

PowerPlay Defense
   Defense                  Defense                                           Time % Phy DF OF 
 1 Calvin de Haan           Brandt Clarke                                     50     1   2  2  
 2 Ethan Del Mastro         Artem Duda                                        50     1   2  2  

Penalty Kill 4 Players Forward 
   Center                   Wing                     Time % Phy DF OF 
 1 Kirby Dach               Paul Cotter              50     1   2  2  
 2 Victor Olofsson          Adam Gaudette            50     1   2  2  

Penalty Kill 4 Players Defense
   Defense                  Defense                  Time % Phy DF OF 
 1 Calvin de Haan           Brandt Clarke            50     1   2  2  
 2 Ethan Del Mastro         Artem Duda               50     1   2  2  

Penalty Kill - 3 Players Forward 
   Forward                                           Time % Phy DF OF 
 1 Kirby Dach                                        50     1   2  2  
 2 Paul Cotter                                       50     1   2  2  

Penalty Kill - 3 Players Defense
   Defense                  Defense                  Time % Phy DF OF 
 1 Calvin de Haan           Brandt Clarke            50     1   2  2  
 2 Ethan Del Mastro         Artem Duda               50     1   2  2  

4 vs 4 Forward 
   Center                   Wing                     Time % Phy DF OF 
 1 Kirby Dach               Paul Cotter              50     1   2  2  
 2 Victor Olofsson          Adam Gaudette            50     1   2  2  

4 vs 4 Defense
   Defense                  Defense                  Time % Phy DF OF 
 1 Calvin de Haan           Brandt Clarke            50     1   2  2  
 2 Ethan Del Mastro         Artem Duda               50     1   2  2  

Last Minutes Offensive
   Center                   Left Wing                Right Wing               Defense                  Defense                  
   Kirby Dach               Paul Cotter              Victor Olofsson          Calvin de Haan           Brandt Clarke            

Last Minutes Defensive
   Center                   Left Wing                Right Wing               Defense                  Defense                  
   Kirby Dach               Paul Cotter              Victor Olofsson          Calvin de Haan           Brandt Clarke            

Goaltenders
Starting : Devon Levi               
Backup : Jacob Fowler             

Extra Forwards
Normal : Nick Cousins, Bradly Nadeau, Sam Lafferty - PP : Nick Cousins, Bradly Nadeau - PK : Sam Lafferty
Extra Defensemen
Normal : Jorian Donovan, Marc Staal, Ethan Del Mastro - PP : Jorian Donovan - PK : Marc Staal, Ethan Del Mastro
Penalty Shots
Kirby Dach, Paul Cotter, Victor Olofsson, Adam Gaudette, Kevin Rooney

Scratches
Artur Akhtyamov (Healthy)

% Time on Ice - Philadelphia Phantoms

Lines # - Real PCT - Wanted PCT - Time Play
Normal Forward
1 - 25% - 25% - 11:20
2 - 24% - 25% - 10:51
3 - 26% - 25% - 12:08
4 - 25% - 25% - 11:41
Normal Defense
1 - 36% - 35% - 16:25
2 - 36% - 35% - 16:47
3 - 28% - 30% - 12:48
4 - 0% - 0% - 0:00
PP Forward
1 - 53% - 50% - 4:09
2 - 47% - 50% - 3:44
PP Defense
1 - 55% - 50% - 4:21
2 - 45% - 50% - 3:32
PK Forward
1 - 54% - 50% - 3:19
2 - 46% - 50% - 2:48
PK Defense
1 - 54% - 50% - 3:18
2 - 46% - 50% - 2:49
PK3 Forward
1 - 0% - 50%
2 - 0% - 50%
PK3 Defense
1 - 0% - 50%
2 - 0% - 50%
44 Forward
1 - 0% - 50%
2 - 0% - 50%
44 Defense
1 - 0% - 50%
2 - 0% - 50%
Last Minute Offensive  - 0:00
Last Minute Defensive  - 0:00
Total
Forward - 60:00
Defense - 60:00

% Time on Ice - Quebec Remparts

Lines # - Real PCT - Wanted PCT - Time Play
Normal Forward
1 - 28% - 30% - 13:05
2 - 29% - 30% - 13:13
3 - 23% - 25% - 10:36
4 - 20% - 15% - 9:06
Normal Defense
1 - 30% - 30% - 13:42
2 - 31% - 30% - 14:14
3 - 29% - 25% - 13:10
4 - 11% - 15% - 4:54
PP Forward
1 - 51% - 50% - 3:06
2 - 49% - 50% - 3:01
PP Defense
1 - 49% - 50% - 3:01
2 - 51% - 50% - 3:06
PK Forward
1 - 50% - 50% - 3:57
2 - 50% - 50% - 3:56
PK Defense
1 - 45% - 50% - 3:34
2 - 55% - 50% - 4:19
PK3 Forward
1 - 0% - 50%
2 - 0% - 50%
PK3 Defense
1 - 0% - 50%
2 - 0% - 50%
44 Forward
1 - 0% - 50%
2 - 0% - 50%
44 Defense
1 - 0% - 50%
2 - 0% - 50%
Last Minute Offensive  - 0:00
Last Minute Defensive  - 0:00
Total
Forward - 60:00
Defense - 60:00

Play-by-Play

1st period


0:01 of 1st period - Paul Cotter wins face-off versus Noel Gunler in neutral zone.
0:08 of 1st period - Snap shot by Kirby Dach.
0:08 of 1st period - Stopped by Cooper Black without a rebound.
0:09 of 1st period - Alex Steeves wins face-off versus Kirby Dach in Philadelphia Phantoms zone.
0:23 of 1st period - Off-side.
0:24 of 1st period - Jacob Quillan wins face-off versus Kevin Rooney in neutral zone.
1:56 of 1st period - Snap shot by Fraser Minten.
1:56 of 1st period - Shot Blocked by Ryan Johnson.
2:02 of 1st period - Snap shot by Jacob Quillan.
2:02 of 1st period - Stopped by Devon Levi with a rebound.
2:04 of 1st period - Slapshot by Anton Johansson.
2:04 of 1st period - Shot Misses the Net.
2:06 of 1st period - Snap shot by Jacob Quillan.
2:06 of 1st period - Shot Misses the Net.
2:38 of 1st period - Slapshot by Marc Gatcomb.
2:38 of 1st period - Stopped by Devon Levi with a rebound.
2:40 of 1st period - Wrist shot by Nils Aman.
2:40 of 1st period - Stopped by Devon Levi with a rebound.
2:42 of 1st period - Slapshot by Nils Aman.
2:42 of 1st period - Stopped by Devon Levi with a rebound.
3:06 of 1st period - Wrist shot by Victor Olofsson.
3:06 of 1st period - Stopped by Cooper Black without a rebound.
3:07 of 1st period - Adam Gaudette wins face-off versus Jacob Quillan in Philadelphia Phantoms zone.
3:12 of 1st period - Snap shot by Fraser Minten.
3:12 of 1st period - Stopped by Cooper Black without a rebound.
3:13 of 1st period - Kevin Rooney wins face-off versus Jacob Quillan in Philadelphia Phantoms zone.
3:16 of 1st period - Snap shot by Fraser Minten.
3:16 of 1st period - Stopped by Cooper Black without a rebound.
3:17 of 1st period - Jacob Quillan wins face-off versus Kevin Rooney in Philadelphia Phantoms zone.
3:19 of 1st period - Minor Penalty to Nikolai Kovalenko for Slashing.
3:20 of 1st period - Kirby Dach wins face-off versus Alex Steeves in Philadelphia Phantoms zone.
3:31 of 1st period - Snap shot by Kirby Dach.
3:31 of 1st period - Shot Misses the Net.
3:53 of 1st period - Wrist shot by Fraser Minten.
3:53 of 1st period - Deflect By Adam Gaudette.
3:53 of 1st period - Stopped by Cooper Black with a rebound.
3:55 of 1st period - Slapshot by Artem Duda.
3:55 of 1st period - Deflect By Adam Gaudette.
3:55 of 1st period - Stopped by Cooper Black with a rebound.
3:57 of 1st period - Slapshot by Ethan Del Mastro.
3:57 of 1st period - Stopped by Cooper Black with a rebound.
3:59 of 1st period - Wrist shot by Kevin Rooney.
3:59 of 1st period - Shot Misses the Net.
5:10 of 1st period - Icing by Paul Cotter.
5:11 of 1st period - Marc Gatcomb wins face-off versus Kirby Dach in Quebec Remparts zone.
5:14 of 1st period - Slapshot by Tye Kartye.
5:14 of 1st period - Stopped by Devon Levi with a rebound.
5:19 of 1st period - Penalty to Nikolai Kovalenko is over, Nikolai Kovalenko is back on ice.
5:24 of 1st period - Tye Kartye is hit by Nick Cousins and loses puck.
5:41 of 1st period - Snap shot by Jacob Quillan.
5:41 of 1st period - Deflect By Nikolai Kovalenko.
5:41 of 1st period - Deflect By Ethan Del Mastro.
5:41 of 1st period - Stopped by Devon Levi without a rebound.
5:42 of 1st period - Kevin Rooney wins face-off versus Kai Uchacz in Quebec Remparts zone.
5:42 of 1st period - Kevin Rooney is hit by Nils Aman.
6:08 of 1st period - Tyler Kleven is hit by Nick Cousins and loses puck.
7:05 of 1st period - Albert Johansson is hit by Kevin Rooney and loses puck.
7:22 of 1st period - Wrist shot by Marc Gatcomb.
7:22 of 1st period - Shot Blocked by Calvin de Haan.
7:24 of 1st period - Snap shot by Alex Steeves.
7:24 of 1st period - Stopped by Devon Levi with a rebound.
7:26 of 1st period - Wrist shot by Alex Steeves.
7:26 of 1st period - Goal by Alex Steeves - Philadelphia Phantoms : 1 - Quebec Remparts : 0.
7:27 of 1st period - Kirby Dach wins face-off versus Alex Steeves in neutral zone.
7:36 of 1st period - Wrist shot by Paul Cotter.
7:36 of 1st period - Shot Misses the Net.
8:11 of 1st period - Minor Penalty to Noah Laba for Roughing.
8:12 of 1st period - Kevin Rooney wins face-off versus Alex Steeves in Philadelphia Phantoms zone.
8:15 of 1st period - Slapshot by Kevin Rooney.
8:15 of 1st period - Shot Blocked by Michael Callahan.
8:17 of 1st period - Slapshot by Adam Gaudette.
8:17 of 1st period - Stopped by Cooper Black with a rebound.
8:19 of 1st period - Snap shot by Kevin Rooney.
8:19 of 1st period - Stopped by Cooper Black without a rebound.
8:20 of 1st period - Fraser Minten wins face-off versus Alex Steeves in Philadelphia Phantoms zone.
8:21 of 1st period - Snap shot by Adam Gaudette.
8:21 of 1st period - Goal by Adam Gaudette - Philadelphia Phantoms : 1 - Quebec Remparts : 1.
8:22 of 1st period - Kai Uchacz wins face-off versus Kirby Dach in neutral zone.
8:25 of 1st period - Paul Cotter is hit by Marc Gatcomb and loses puck.
8:47 of 1st period - Tyler Kleven is hit by Fraser Minten and loses puck.
9:07 of 1st period - Icing by Nils Aman.
9:08 of 1st period - Jacob Quillan wins face-off versus Nick Cousins in Philadelphia Phantoms zone.
9:33 of 1st period - Nikolai Kovalenko is hit by Adam Gaudette and loses puck.
10:11 of 1st period - Off-side.
10:12 of 1st period - Nick Cousins wins face-off versus Alex Steeves in neutral zone.
10:18 of 1st period - Bradly Nadeau beats up Alex Steeves.
10:18 of 1st period - Penalty to Bradly Nadeau for Fighting.
10:18 of 1st period - Penalty to Alex Steeves for Fighting.
10:18 of 1st period - Penalty to Alex Steeves for instigated a fight.
10:18 of 1st period - Penalty to Alex Steeves for instigated a fight.
10:19 of 1st period - Kevin Rooney wins face-off versus Jacob Quillan in Quebec Remparts zone.
12:18 of 1st period - Penalty to Alex Steeves is over, Michael Carcone is send on ice.
12:30 of 1st period - Snap shot by Adam Gaudette.
12:30 of 1st period - Stopped by Cooper Black without a rebound.
12:31 of 1st period - Tye Kartye wins face-off versus Nick Cousins in Philadelphia Phantoms zone.
12:51 of 1st period - Icing by Jorian Donovan.
12:52 of 1st period - Nick Cousins wins face-off versus Jacob Quillan in Quebec Remparts zone.
12:52 of 1st period - Nick Cousins is hit by Albert Johansson.
13:16 of 1st period - Wrist shot by Sam Lafferty.
13:16 of 1st period - Stopped by Cooper Black without a rebound.
13:17 of 1st period - Noah Laba wins face-off versus Victor Olofsson in Philadelphia Phantoms zone.
14:00 of 1st period - Icing by Marc Gatcomb.
14:01 of 1st period - Kai Uchacz wins face-off versus Dalibor Dvorsky in Philadelphia Phantoms zone.
14:01 of 1st period - Kai Uchacz is hit by Artem Duda.
14:29 of 1st period - Snap shot by Kirby Dach.
14:29 of 1st period - Shot Misses the Net.
14:55 of 1st period - Snap shot by Fraser Minten.
14:55 of 1st period - Shot Misses the Net.
14:57 of 1st period - Wrist shot by Kevin Rooney.
14:57 of 1st period - Stopped by Cooper Black without a rebound.
14:58 of 1st period - Kevin Rooney wins face-off versus Jacob Quillan in Philadelphia Phantoms zone.
15:03 of 1st period - Wrist shot by Adam Gaudette.
15:03 of 1st period - Shot Misses the Net.
15:05 of 1st period - Slapshot by Calvin de Haan.
15:05 of 1st period - Shot Misses the Net.
15:07 of 1st period - Slapshot by Brandt Clarke.
15:07 of 1st period - Stopped by Cooper Black without a rebound.
15:08 of 1st period - Kevin Rooney wins face-off versus Jacob Quillan in Philadelphia Phantoms zone.
15:17 of 1st period - Wrist shot by Kevin Rooney.
15:17 of 1st period - Stopped by Cooper Black without a rebound.
15:18 of 1st period - Kirby Dach wins face-off versus Noah Laba in Philadelphia Phantoms zone.
15:23 of 1st period - Snap shot by Kirby Dach.
15:23 of 1st period - Stopped by Cooper Black with a rebound.
15:44 of 1st period - Brandt Clarke is hit by Marc Gatcomb.
15:48 of 1st period - Snap shot by Nils Aman.
15:48 of 1st period - Shot Blocked by Kevin Rooney.
17:05 of 1st period - Jacob Quillan is hit by Fraser Minten and loses puck.
17:16 of 1st period - Wrist shot by Fraser Minten.
17:16 of 1st period - Shot Blocked by Michael Callahan.
17:23 of 1st period - Icing by Albert Johansson.
17:24 of 1st period - Jacob Quillan wins face-off versus Nick Cousins in Philadelphia Phantoms zone.
17:34 of 1st period - Off-side.
17:35 of 1st period - Kirby Dach wins face-off versus Nikolai Kovalenko in neutral zone.
18:03 of 1st period - Icing by Tye Kartye.
18:04 of 1st period - Noah Laba wins face-off versus Kevin Rooney in Philadelphia Phantoms zone.
18:25 of 1st period - Snap shot by Kevin Rooney.
18:25 of 1st period - Stopped by Cooper Black with a rebound.
18:27 of 1st period - Backhand shot by Ethan Del Mastro.
18:27 of 1st period - Shot Misses the Net.
18:29 of 1st period - Snap shot by Fraser Minten.
18:29 of 1st period - Deflect By Adam Gaudette.
18:29 of 1st period - Stopped by Cooper Black with a rebound.
18:31 of 1st period - Slapshot by Adam Gaudette.
18:31 of 1st period - Shot Misses the Net.
18:45 of 1st period - Slapshot by Adam Gaudette.
18:45 of 1st period - Shot Misses the Net.
18:49 of 1st period - Wrist shot by Adam Gaudette.
18:49 of 1st period - Stopped by Cooper Black with a rebound.
18:51 of 1st period - Wrist shot by Adam Gaudette.
18:51 of 1st period - Stopped by Cooper Black without a rebound.
18:52 of 1st period - Kai Uchacz wins face-off versus Kirby Dach in Philadelphia Phantoms zone.
18:57 of 1st period - Ryan Johnson is hit by Calvin de Haan and loses puck.
19:18 of 1st period - Nikolai Kovalenko is hit by Brandt Clarke and loses puck.
19:28 of 1st period - Icing by Michael Carcone.
19:29 of 1st period - Kirby Dach wins face-off versus Michael Carcone in Philadelphia Phantoms zone.
Goals for this period are 1 for Philadelphia Phantoms vs 1 for Quebec Remparts.
Shots for this period are 8 for Philadelphia Phantoms vs 20 for Quebec Remparts.

2nd period


0:01 of 2nd period - Jacob Quillan wins face-off versus Kirby Dach in neutral zone.
0:08 of 2nd period - Snap shot by Jaroslav Chmelar.
0:08 of 2nd period - Shot Misses the Net.
0:10 of 2nd period - Snap shot by Jacob Quillan.
0:10 of 2nd period - Stopped by Devon Levi with a rebound.
0:12 of 2nd period - Wrist shot by Noel Gunler.
0:12 of 2nd period - Deflect By Jacob Quillan.
0:12 of 2nd period - Stopped by Devon Levi without a rebound.
0:13 of 2nd period - Kai Uchacz wins face-off versus Nick Cousins in Quebec Remparts zone.
1:03 of 2nd period - Snap shot by Jacob Quillan.
1:03 of 2nd period - Goal by Jacob Quillan - Philadelphia Phantoms : 2 - Quebec Remparts : 1.
1:04 of 2nd period - Dalibor Dvorsky wins face-off versus Jacob Quillan in neutral zone.
1:34 of 2nd period - Wrist shot by Jacob Quillan.
1:34 of 2nd period - Shot Blocked by Ethan Del Mastro.
1:36 of 2nd period - Slapshot by Jacob Quillan.
1:36 of 2nd period - Stopped by Devon Levi with a rebound.
1:38 of 2nd period - Slapshot by Samuel Johannesson.
1:38 of 2nd period - Shot Misses the Net.
1:44 of 2nd period - Snap shot by Jacob Quillan.
1:44 of 2nd period - Shot Misses the Net.
2:05 of 2nd period - Slapshot by Samuel Johannesson.
2:05 of 2nd period - Shot Misses the Net.
2:07 of 2nd period - Snap shot by Jacob Quillan.
2:07 of 2nd period - Stopped by Devon Levi with a rebound.
2:09 of 2nd period - Snap shot by Noel Gunler.
2:09 of 2nd period - Stopped by Devon Levi without a rebound.
2:10 of 2nd period - Kai Uchacz wins face-off versus Kirby Dach in Quebec Remparts zone.
2:37 of 2nd period - Kevin Rooney is hit by Noah Laba and loses puck.
2:44 of 2nd period - Adam Klapka is hit by Adam Gaudette.
3:26 of 2nd period - Snap shot by Paul Cotter.
3:26 of 2nd period - Deflect By Albert Johansson.
3:26 of 2nd period - Goal by Paul Cotter - Philadelphia Phantoms : 2 - Quebec Remparts : 2.
3:27 of 2nd period - Kevin Rooney wins face-off versus Marc Gatcomb in neutral zone.
3:30 of 2nd period - Slapshot by Brandt Clarke.
3:30 of 2nd period - Stopped by Cooper Black without a rebound.
3:31 of 2nd period - Kevin Rooney wins face-off versus Kai Uchacz in Philadelphia Phantoms zone.
4:42 of 2nd period - Wrist shot by Noel Gunler.
4:42 of 2nd period - Deflect By Jacob Quillan.
4:42 of 2nd period - Shot Misses the Net.
4:42 of 2nd period - Puck is out of play.
4:43 of 2nd period - Jacob Quillan wins face-off versus Dalibor Dvorsky in Quebec Remparts zone.
4:44 of 2nd period - Snap shot by Jaroslav Chmelar.
4:44 of 2nd period - Stopped by Devon Levi with a rebound.
5:18 of 2nd period - 10 Minutes Misconduct Penalty to Alex Steeves is over.
5:18 of 2nd period - Slapshot by Ethan Del Mastro.
5:18 of 2nd period - Stopped by Cooper Black with a rebound.
5:20 of 2nd period - Wrist shot by Dalibor Dvorsky.
5:20 of 2nd period - Stopped by Cooper Black without a rebound.
5:21 of 2nd period - Kevin Rooney wins face-off versus Kai Uchacz in Philadelphia Phantoms zone.
5:43 of 2nd period - Icing by Calvin de Haan.
5:44 of 2nd period - Noah Laba wins face-off versus Paul Cotter in Quebec Remparts zone.
6:10 of 2nd period - Double Minor Penalty to Marc Staal for High sticking.
6:11 of 2nd period - Marc Gatcomb wins face-off versus Kirby Dach in Quebec Remparts zone.
6:56 of 2nd period - Slapshot by Alex Steeves.
6:56 of 2nd period - Deflect By Marc Gatcomb.
6:56 of 2nd period - Shot Blocked by Ethan Del Mastro.
6:56 of 2nd period - Puck is out of play.
6:57 of 2nd period - Kirby Dach wins face-off versus Alex Steeves in Quebec Remparts zone.
6:57 of 2nd period - Kirby Dach is hit by Tyler Kleven.
7:07 of 2nd period - Wrist shot by Alex Steeves.
7:07 of 2nd period - Shot Blocked by Victor Olofsson.
7:31 of 2nd period - Victor Olofsson is hit by Anton Johansson and loses puck.
7:56 of 2nd period - Brandt Clarke is hit by Adam Klapka.
8:00 of 2nd period - Samuel Johannesson is hit by Victor Olofsson and loses puck.
10:10 of 2nd period - Penalty to Marc Staal is over, Marc Staal is back on ice.
10:16 of 2nd period - Jordan Dumais is hit by Kai Uchacz and loses puck.
11:24 of 2nd period - Adam Klapka is hit by Paul Cotter and loses puck.
11:52 of 2nd period - Anton Johansson is hit by Victor Olofsson and loses puck.
12:18 of 2nd period - Off-side.
12:19 of 2nd period - Kai Uchacz wins face-off versus Dalibor Dvorsky in neutral zone.
12:24 of 2nd period - Snap shot by Michael Callahan.
12:24 of 2nd period - Shot Misses the Net.
12:28 of 2nd period - Snap shot by Nils Aman.
12:28 of 2nd period - Shot Misses the Net.
12:30 of 2nd period - Snap shot by Kai Uchacz.
12:30 of 2nd period - Deflect By Nils Aman.
12:30 of 2nd period - Goal by Nils Aman - Philadelphia Phantoms : 3 - Quebec Remparts : 2.
12:31 of 2nd period - Kirby Dach wins face-off versus Nikolai Kovalenko in neutral zone.
13:02 of 2nd period - Off-side.
13:03 of 2nd period - Kai Uchacz wins face-off versus Nick Cousins in neutral zone.
13:43 of 2nd period - Snap shot by Nils Aman.
13:43 of 2nd period - Stopped by Devon Levi without a rebound.
13:44 of 2nd period - Kirby Dach wins face-off versus Jacob Quillan in Quebec Remparts zone.
13:49 of 2nd period - Snap shot by Victor Olofsson.
13:49 of 2nd period - Shot Blocked by Nikolai Kovalenko.
14:09 of 2nd period - Adam Klapka is hit by Fraser Minten.
14:29 of 2nd period - Snap shot by Dalibor Dvorsky.
14:29 of 2nd period - Shot Misses the Net.
14:33 of 2nd period - Wrist shot by Jordan Dumais.
14:33 of 2nd period - Stopped by Cooper Black with a rebound.
15:12 of 2nd period - Kai Uchacz is hit by Bradly Nadeau and loses puck.
15:13 of 2nd period - Kai Uchacz from Philadelphia Phantoms is injured at 15:13 of 2nd period (Strained Right Knee).
15:14 of 2nd period - Jacob Quillan wins face-off versus Kevin Rooney in Philadelphia Phantoms zone.
15:41 of 2nd period - Tye Kartye is hit by Victor Olofsson and loses puck.
15:50 of 2nd period - Snap shot by Paul Cotter.
15:50 of 2nd period - Stopped by Cooper Black without a rebound.
15:51 of 2nd period - Kirby Dach wins face-off versus Alex Steeves in Philadelphia Phantoms zone.
16:02 of 2nd period - Snap shot by Kirby Dach.
16:02 of 2nd period - Shot Blocked by Alex Steeves.
16:04 of 2nd period - Snap shot by Victor Olofsson.
16:04 of 2nd period - Stopped by Cooper Black without a rebound.
16:05 of 2nd period - Jacob Quillan wins face-off versus Kevin Rooney in Philadelphia Phantoms zone.
16:09 of 2nd period - Michael Carcone is hit by Brandt Clarke and loses puck.
16:17 of 2nd period - Minor Penalty to Adam Gaudette for Interference.
16:18 of 2nd period - Nikolai Kovalenko wins face-off versus Victor Olofsson in Quebec Remparts zone.
16:40 of 2nd period - Victor Olofsson is hit by Adam Klapka.
18:17 of 2nd period - Penalty to Adam Gaudette is over, Adam Gaudette is back on ice.
18:17 of 2nd period - Marc Gatcomb is hit by Nick Cousins and loses puck.
18:33 of 2nd period - Off-side.
18:34 of 2nd period - Tye Kartye wins face-off versus Dalibor Dvorsky in neutral zone.
18:43 of 2nd period - Wrist shot by Dalibor Dvorsky.
18:43 of 2nd period - Shot Misses the Net.
18:45 of 2nd period - Snap shot by Maros Jedlicka.
18:45 of 2nd period - Stopped by Cooper Black without a rebound.
18:46 of 2nd period - Kirby Dach wins face-off versus Jacob Quillan in Philadelphia Phantoms zone.
Goals for this period are 2 for Philadelphia Phantoms vs 1 for Quebec Remparts.
Shots for this period are 9 for Philadelphia Phantoms vs 8 for Quebec Remparts.

3rd period


0:01 of 3rd period - Kirby Dach wins face-off versus Alex Steeves in neutral zone.
0:07 of 3rd period - Minor Penalty to Tyler Kleven for Slashing.
0:08 of 3rd period - Jacob Quillan wins face-off versus Fraser Minten in Philadelphia Phantoms zone.
0:20 of 3rd period - Albert Johansson is hit by Brandt Clarke.
0:34 of 3rd period - Alex Steeves is hit by Paul Cotter and loses puck.
0:57 of 3rd period - Snap shot by Jacob Quillan.
0:57 of 3rd period - Deflect By Nikolai Kovalenko.
0:57 of 3rd period - Stopped by Devon Levi with a rebound.
0:59 of 3rd period - Slapshot by Michael Callahan.
0:59 of 3rd period - Deflect By Adam Gaudette.
0:59 of 3rd period - Stopped by Devon Levi without a rebound.
1:00 of 3rd period - Kirby Dach wins face-off versus Jacob Quillan in Quebec Remparts zone.
1:07 of 3rd period - Snap shot by Paul Cotter.
1:07 of 3rd period - Shot Misses the Net.
1:09 of 3rd period - Slapshot by Brandt Clarke.
1:09 of 3rd period - Stopped by Cooper Black with a rebound.
1:11 of 3rd period - Slapshot by Calvin de Haan.
1:11 of 3rd period - Stopped by Cooper Black with a rebound.
1:13 of 3rd period - Snap shot by Kirby Dach.
1:13 of 3rd period - Shot Blocked by Samuel Johannesson.
1:15 of 3rd period - Snap shot by Paul Cotter.
1:15 of 3rd period - Stopped by Cooper Black with a rebound.
1:51 of 3rd period - Alex Steeves is hit by Artem Duda and loses puck.
2:07 of 3rd period - Penalty to Tyler Kleven is over, Tyler Kleven is back on ice.
2:14 of 3rd period - Snap shot by Tye Kartye.
2:14 of 3rd period - Shot Blocked by Bradly Nadeau.
2:22 of 3rd period - Wrist shot by Nick Cousins.
2:22 of 3rd period - Stopped by Cooper Black with a rebound.
2:49 of 3rd period - Tyler Kleven is hit by Jorian Donovan and loses puck.
3:10 of 3rd period - Slapshot by Bradly Nadeau.
3:10 of 3rd period - Shot Misses the Net.
3:20 of 3rd period - Tyler Kleven is hit by Paul Cotter.
3:51 of 3rd period - Wrist shot by Adam Klapka.
3:51 of 3rd period - Shot Blocked by Artem Duda.
4:00 of 3rd period - Ethan Del Mastro is hit by Michael Callahan.
4:19 of 3rd period - Artem Duda is hit by Noel Gunler and loses puck.
5:30 of 3rd period - Ryan Johnson is hit by Kevin Rooney and loses puck.
5:35 of 3rd period - Snap shot by Adam Gaudette.
5:35 of 3rd period - Stopped by Cooper Black without a rebound.
5:36 of 3rd period - Kirby Dach wins face-off versus Alex Steeves in Philadelphia Phantoms zone.
5:39 of 3rd period - Wrist shot by Paul Cotter.
5:39 of 3rd period - Stopped by Cooper Black with a rebound.
5:49 of 3rd period - Calvin de Haan is hit by Tyler Kleven and loses puck.
6:11 of 3rd period - Ryan Johnson is hit by Nick Cousins and loses puck.
6:52 of 3rd period - Samuel Johannesson is hit by Kirby Dach and loses puck.
6:59 of 3rd period - Wrist shot by Kirby Dach.
6:59 of 3rd period - Deflect By Paul Cotter.
6:59 of 3rd period - Shot Misses the Net.
6:59 of 3rd period - Puck is out of play.
7:00 of 3rd period - Alex Steeves wins face-off versus Kevin Rooney in Philadelphia Phantoms zone.
7:25 of 3rd period - Wrist shot by Paul Cotter.
7:25 of 3rd period - Shot Blocked by Michael Callahan.
7:45 of 3rd period - Snap shot by Sam Lafferty.
7:45 of 3rd period - Stopped by Cooper Black with a rebound.
8:11 of 3rd period - Alex Steeves is hit by Marc Staal and loses puck.
8:28 of 3rd period - Slapshot by Adam Gaudette.
8:28 of 3rd period - Shot Misses the Net.
8:30 of 3rd period - Snap shot by Brandt Clarke.
8:30 of 3rd period - Stopped by Cooper Black with a rebound.
8:32 of 3rd period - Slapshot by Brandt Clarke.
8:32 of 3rd period - Deflect By Nils Aman.
8:32 of 3rd period - Stopped by Cooper Black without a rebound.
8:33 of 3rd period - Kirby Dach wins face-off versus Noah Laba in Philadelphia Phantoms zone.
8:34 of 3rd period - Slapshot by Paul Cotter.
8:34 of 3rd period - Shot Misses the Net.
9:00 of 3rd period - Calvin de Haan is hit by Michael Callahan and loses puck.
9:15 of 3rd period - Michael Carcone is hit by Sam Lafferty and loses puck.
9:40 of 3rd period - Adam Klapka is hit by Ethan Del Mastro and loses puck.
9:57 of 3rd period - Anton Johansson is hit by Paul Cotter and loses puck.
10:21 of 3rd period - Wrist shot by Nils Aman.
10:21 of 3rd period - Shot Blocked by Kevin Rooney.
10:23 of 3rd period - Snap shot by Marc Gatcomb.
10:23 of 3rd period - Stopped by Devon Levi with a rebound.
10:25 of 3rd period - Snap shot by Marc Gatcomb.
10:25 of 3rd period - Shot Misses the Net.
10:27 of 3rd period - Snap shot by Ryan Johnson.
10:27 of 3rd period - Goal by Ryan Johnson - Philadelphia Phantoms : 4 - Quebec Remparts : 2.
10:28 of 3rd period - Jacob Quillan wins face-off versus Kirby Dach in neutral zone.
11:20 of 3rd period - Jaroslav Chmelar is hit by Dalibor Dvorsky and loses puck.
11:39 of 3rd period - Minor Penalty to Dalibor Dvorsky for Interference.
11:40 of 3rd period - Kirby Dach wins face-off versus Jacob Quillan in Quebec Remparts zone.
12:10 of 3rd period - Artem Duda is hit by Nils Aman and loses puck.
12:27 of 3rd period - Brandt Clarke is hit by Adam Klapka and loses puck.
13:06 of 3rd period - Nils Aman is hit by Calvin de Haan and loses puck.
13:14 of 3rd period - Icing by Albert Johansson.
13:15 of 3rd period - Paul Cotter wins face-off versus Alex Steeves in Philadelphia Phantoms zone.
13:24 of 3rd period - Backhand shot by Jacob Quillan.
13:24 of 3rd period - Stopped by Devon Levi without a rebound.
13:25 of 3rd period - Jacob Quillan wins face-off versus Kirby Dach in Quebec Remparts zone.
13:34 of 3rd period - Snap shot by Jacob Quillan.
13:34 of 3rd period - Goal by Jacob Quillan - Philadelphia Phantoms : 5 - Quebec Remparts : 2.
13:35 of 3rd period - Jacob Quillan wins face-off versus Adam Gaudette in neutral zone.
13:40 of 3rd period - Snap shot by Michael Carcone.
13:40 of 3rd period - Shot Misses the Net.
13:42 of 3rd period - Snap shot by Jacob Quillan.
13:42 of 3rd period - Shot Blocked by Adam Gaudette.
13:44 of 3rd period - Slapshot by Michael Callahan.
13:44 of 3rd period - Deflect By Michael Carcone.
13:44 of 3rd period - Shot Blocked by Artem Duda.
13:44 of 3rd period - Puck is out of play.
13:45 of 3rd period - Jacob Quillan wins face-off versus Kevin Rooney in Quebec Remparts zone.
14:00 of 3rd period - Snap shot by Nikolai Kovalenko.
14:00 of 3rd period - Shot Blocked by Ethan Del Mastro.
14:02 of 3rd period - Backhand shot by Albert Johansson.
14:02 of 3rd period - Stopped by Devon Levi without a rebound.
14:03 of 3rd period - Kirby Dach wins face-off versus Adam Klapka in Quebec Remparts zone.
14:30 of 3rd period - Nils Aman is hit by Adam Gaudette and loses puck.
14:51 of 3rd period - Jacob Quillan is hit by Sam Lafferty and loses puck.
15:27 of 3rd period - Snap shot by Tye Kartye.
15:27 of 3rd period - Shot Misses the Net.
15:49 of 3rd period - Slapshot by Adam Gaudette.
15:49 of 3rd period - Shot Misses the Net.
15:51 of 3rd period - Wrist shot by Adam Gaudette.
15:51 of 3rd period - Deflect By Jacob Quillan.
15:51 of 3rd period - Shot Misses the Net.
15:51 of 3rd period - Puck is out of play.
15:52 of 3rd period - Jacob Quillan wins face-off versus Sam Lafferty in Philadelphia Phantoms zone.
16:47 of 3rd period - Wrist shot by Maros Jedlicka.
16:47 of 3rd period - Shot Misses the Net.
16:51 of 3rd period - Snap shot by Jordan Dumais.
16:51 of 3rd period - Stopped by Cooper Black with a rebound.
16:53 of 3rd period - Wrist shot by Dalibor Dvorsky.
16:53 of 3rd period - Shot Blocked by Nils Aman.
16:55 of 3rd period - Wrist shot by Jordan Dumais.
16:55 of 3rd period - Stopped by Cooper Black with a rebound.
17:04 of 3rd period - Off-side.
17:05 of 3rd period - Jaroslav Chmelar wins face-off versus Paul Cotter in neutral zone.
17:30 of 3rd period - Calvin de Haan is hit by Noah Laba and loses puck.
18:08 of 3rd period - Icing by Adam Klapka.
18:09 of 3rd period - Nick Cousins wins face-off versus Noel Gunler in Philadelphia Phantoms zone.
19:09 of 3rd period - Noah Laba is hit by Dalibor Dvorsky and loses puck.
19:22 of 3rd period - Jordan Dumais is hit by Michael Callahan and loses puck.
Goals for this period are 2 for Philadelphia Phantoms vs 0 for Quebec Remparts.
Shots for this period are 7 for Philadelphia Phantoms vs 11 for Quebec Remparts.